TOP OF THE 1ST |
Niagara Falls Phantoms batting - Pitching for York Revolution : LHP Jonathan Monroy
|
Pitching: LHP Jonathan Monroy
|
|
Batting: RHB Alfredo Mendez
|
0-0: Ball 1-0: Ground out 4-3 (Groundball, 4MD, EV 91.9 MPH)
|
Batting: SHB Bruce Shelton
|
0-0: Swinging Strike 0-1: Swinging Strike 0-2: Foul Ball, location: 2F 0-2: Ball 1-2: Foul Ball, location: 2F 1-2: Ball 2-2: Strikes out swinging
|
Batting: RHB Jonathan Feldstein
|
0-0: Called Strike 0-1: Ball 1-1: Ball 2-1: Foul Ball, location: 2F 2-2: Foul Ball, location: 2F 2-2: Strikes out swinging wild pitch, reaches first!
|
Batting: RHB Scott Cuff
|
0-0: Fielders Choice at 2nd, 6-4 (Groundball, 56, EV 80.0 MPH)
|
Top of the 1st over - 0 runs, 0 hits, 0 errors, 1 left on base; Niagara Falls 0 - York 0 |
BOTTOM OF THE 1ST |
York Revolution batting - Pitching for Niagara Falls Phantoms : LHP Gordon Jing
|
Pitching: LHP Gordon Jing
|
|
Batting: RHB Eddie Serna
|
0-0: Fly out, F7 (Flyball, 7, EV 90.6 MPH)
|
Batting: LHB Dennis French
|
0-0: Ball 1-0: Called Strike 1-1: Foul Ball, location: 3F, Error on foul ball, E3 1-2: Ball 2-2: Ball 3-2: Ground out U3 (Groundball, 3, EV 98.1 MPH)
|
Batting: LHB Jean-Claude Vanbiesbrouck
|
0-0: Ball 1-0: Foul Ball, location: 2F 1-1: Ground out 4-3 (Groundball, 34D, EV 108.1 MPH)
|
Bottom of the 1st over - 0 runs, 0 hits, 1 error, 0 left on base; Niagara Falls 0 - York 0 |
TOP OF THE 2ND |
Niagara Falls Phantoms batting - Pitching for York Revolution : LHP Jonathan Monroy
|
Batting: RHB Bailey Hays
|
0-0: Hit by Pitch
|
Batting: RHB Jim O'Dwyer
|
0-0: Ball 1-0: Ball 2-0: Fly out, F2 (Popup, 23F, EV 85.0 MPH)
|
Batting: LHB Rip Log
|
0-0: Called Strike 0-1: Foul Ball, location: 2F 0-2: Strikes out looking
|
Batting: LHB Dave Ortiz
|
Pickoff Throw to First - Out! 1-3
|
Top of the 2nd over - 0 runs, 0 hits, 0 errors, 0 left on base; Niagara Falls 0 - York 0 |
BOTTOM OF THE 2ND |
York Revolution batting - Pitching for Niagara Falls Phantoms : LHP Gordon Jing
|
Batting: RHB Steve Kirby
|
0-0: Swinging Strike 0-1: Ball 1-1: Foul Ball, location: 2F 1-2: Foul Ball, location: 2F 1-2: Ball 2-2: Ground out 6-3 (Groundball, 6, EV 100.0 MPH)
|
Batting: RHB Dan Shaffer
|
0-0: Ball 1-0: Swinging Strike 1-1: Swinging Strike 1-2: Ball 2-2: Strikes out looking
|
Batting: RHB Juan Gonzalez
|
0-0: Ball 1-0: Called Strike 1-1: Swinging Strike 1-2: Strikes out swinging
|
Bottom of the 2nd over - 0 runs, 0 hits, 0 errors, 0 left on base; Niagara Falls 0 - York 0 |
TOP OF THE 3RD |
Niagara Falls Phantoms batting - Pitching for York Revolution : LHP Jonathan Monroy
|
Batting: LHB Dave Ortiz
|
0-0: Ball 1-0: Ground out 6-3 (Groundball, 6, EV 83.8 MPH)
|
Batting: RHB Juan Perez
|
0-0: Ball 1-0: Foul Ball, location: 2F 1-1: Ball 2-1: Foul Ball, location: 2F 2-2: SOLO HOME RUN (Flyball, 7D, EV 97.5 MPH), Distance : 386 ft
|
Batting: RHB Alfredo Mendez
|
0-0: Called Strike 0-1: Ball 1-1: Called Strike 1-2: Foul Ball, location: 2F 1-2: Foul Ball, location: 2F 1-2: Ground out 1-3 (Groundball, 13S, EV 73.1 MPH)
|
Batting: SHB Bruce Shelton
|
0-0: Ball 1-0: Called Strike 1-1: Swinging Strike 1-2: Ball 2-2: Strikes out swinging
|
Top of the 3rd over - 1 run, 1 hit, 0 errors, 0 left on base; Niagara Falls 1 - York 0 |
BOTTOM OF THE 3RD |
York Revolution batting - Pitching for Niagara Falls Phantoms : LHP Gordon Jing
|
Batting: LHB Quincy Smart
|
0-0: Foul Ball, location: 2F 0-1: Fly out, F7 (Flyball, 7LS, EV 84.4 MPH)
|
Batting: RHB Jose Hurtado
|
0-0: Called Strike 0-1: Foul Ball, location: 2F 0-2: Ball 1-2: Fly out, F9 (Flyball, 89S, EV 71.2 MPH)
|
Batting: LHB Mike Hawk
|
0-0: Ground out U3 (Groundball, 34S, EV 90.0 MPH)
|
Bottom of the 3rd over - 0 runs, 0 hits, 0 errors, 0 left on base; Niagara Falls 1 - York 0 |
TOP OF THE 4TH |
Niagara Falls Phantoms batting - Pitching for York Revolution : LHP Jonathan Monroy
|
Batting: RHB Jonathan Feldstein
|
0-0: Foul Ball, location: 2F 0-1: Swinging Strike 0-2: Ball 1-2: Strikes out swinging
|
Batting: RHB Scott Cuff
|
0-0: SOLO HOME RUN (Flyball, 7D, EV 104.4 MPH), Distance : 390 ft
|
Batting: RHB Bailey Hays
|
0-0: Ground out 4-3 (Groundball, 4M, EV 110.6 MPH)
|
Batting: RHB Jim O'Dwyer
|
0-0: Swinging Strike 0-1: Foul Ball, location: 2F 0-2: Ball 1-2: Foul Ball, location: 2F 1-2: Ball 2-2: Ball 3-2: Strikes out swinging
|
Top of the 4th over - 1 run, 1 hit, 0 errors, 0 left on base; Niagara Falls 2 - York 0 |
BOTTOM OF THE 4TH |
York Revolution batting - Pitching for Niagara Falls Phantoms : LHP Gordon Jing
|
Batting: RHB Eddie Serna
|
0-0: Ball 1-0: Foul Ball, location: 2F 1-1: Foul Ball, location: 2F 1-2: Strikes out swinging
|
Batting: LHB Dennis French
|
0-0: Ball 1-0: Ball 2-0: Called Strike 2-1: Ball 3-1: Ground out 4-3 (Groundball, 4MS, EV 93.8 MPH)
|
Batting: LHB Jean-Claude Vanbiesbrouck
|
0-0: Ball 1-0: Foul Ball, location: 2F 1-1: Foul Ball, location: 2F 1-2: Ball 2-2: Foul Ball, location: 2F 2-2: Ball 3-2: SOLO HOME RUN (Flyball, 9D, EV 96.9 MPH), Distance : 363 ft
|
Batting: RHB Steve Kirby
|
0-0: Called Strike 0-1: Called Strike 0-2: Foul Ball, location: 2F 0-2: Ball 1-2: Fly out, F8 (Flyball, 89M, EV 81.9 MPH)
|
Bottom of the 4th over - 1 run, 1 hit, 0 errors, 0 left on base; Niagara Falls 2 - York 1 |
TOP OF THE 5TH |
Niagara Falls Phantoms batting - Pitching for York Revolution : LHP Jonathan Monroy
|
Batting: LHB Rip Log
|
0-0: Called Strike 0-1: Foul Ball, location: 2F 0-2: Ball 1-2: Ball 2-2: DOUBLE (Line Drive, 78M, EV 99.4 MPH)
|
Batting: LHB Dave Ortiz
|
0-0: Ball 1-0: Called Strike 1-1: Ball 2-1: Fly out, F7 (Flyball, 7, EV 89.4 MPH)
|
Batting: RHB Juan Perez
|
0-0: Ground out 6-3 (Groundball, 6, EV 76.9 MPH) Rip Log to third
|
Batting: RHB Alfredo Mendez
|
0-0: Called Strike 0-1: Ground out 5-3 (Groundball, 5, EV 100.6 MPH)
|
Top of the 5th over - 0 runs, 1 hit, 0 errors, 1 left on base; Niagara Falls 2 - York 1 |
BOTTOM OF THE 5TH |
York Revolution batting - Pitching for Niagara Falls Phantoms : LHP Gordon Jing
|
Batting: RHB Dan Shaffer
|
0-0: Called Strike 0-1: Ball 1-1: Foul Ball, location: 2F 1-2: Strikes out swinging
|
Batting: RHB Juan Gonzalez
|
0-0: Foul Ball, location: 2F 0-1: Swinging Strike 0-2: Foul Ball, location: 2F 0-2: Foul Ball, location: 2F 0-2: Ball 1-2: Ball 2-2: Ball 3-2: Strikes out looking
|
Batting: LHB Quincy Smart
|
0-0: Called Strike 0-1: Ground out U3 (Groundball, 34, EV 83.8 MPH)
|
Bottom of the 5th over - 0 runs, 0 hits, 0 errors, 0 left on base; Niagara Falls 2 - York 1 |
TOP OF THE 6TH |
Niagara Falls Phantoms batting - Pitching for York Revolution : LHP Jonathan Monroy
|
Batting: SHB Bruce Shelton
|
0-0: Ball 1-0: Foul Ball, location: 2F 1-1: Called Strike 1-2: Strikes out swinging
|
Batting: RHB Jonathan Feldstein
|
0-0: Swinging Strike 0-1: Ball 1-1: Ball 2-1: Swinging Strike 2-2: Strikes out swinging
|
Batting: RHB Scott Cuff
|
0-0: Ball 1-0: Called Strike 1-1: Foul Ball, location: 2F 1-2: Ball 2-2: Foul Ball, location: 2F 2-2: Strikes out swinging
|
Top of the 6th over - 0 runs, 0 hits, 0 errors, 0 left on base; Niagara Falls 2 - York 1 |
BOTTOM OF THE 6TH |
York Revolution batting - Pitching for Niagara Falls Phantoms : LHP Gordon Jing
|
Batting: RHB Jose Hurtado
|
0-0: SINGLE (Line Drive, 89S, EV 98.8 MPH)
|
Batting: LHB Mike Hawk
|
0-0: Ball 1-0: Swinging Strike 1-1: Ball 2-1: Ball 3-1: Swinging Strike 3-2: Foul Ball, location: 2F 3-2: Strikes out swinging
|
Batting: RHB Eddie Serna
|
0-0: Ball 1-0: Fly out, F9 (Flyball, 89S, EV 85.6 MPH)
|
Batting: LHB Dennis French
|
0-0: Foul Ball, location: 2F 0-1: Ball 1-1: Swinging Strike 1-2: Foul Ball, location: 2F 1-2: Ball 2-2: Ball 3-2: SINGLE (Groundball, 15S, EV 66.9 MPH) (infield hit) Jose Hurtado to second
|
Batting: LHB Jean-Claude Vanbiesbrouck
|
0-0: Called Strike 0-1: Called Strike 0-2: Foul Ball, location: 2F 0-2: Ball 1-2: Ball 2-2: SINGLE (Groundball, 34D, EV 95.0 MPH) Jose Hurtado to third Dennis French to second Runner from 3rd tries for Home, SAFE, throw by RF to home
|
Batting: RHB Steve Kirby
|
0-0: Ball 1-0: Called Strike 1-1: Ball 2-1: SINGLE (Flyball, 9S, EV 85.0 MPH) Dennis French to third Jean-Claude Vanbiesbrouck to second
|
Batting: RHB Dan Shaffer
|
0-0: Ball 1-0: Called Strike 1-1: Ball 2-1: Foul Ball, location: 2F 2-2: Strikes out swinging
|
Bottom of the 6th over - 1 run, 4 hits, 0 errors, 3 left on base; Niagara Falls 2 - York 2 |
TOP OF THE 7TH |
Niagara Falls Phantoms batting - Pitching for York Revolution : LHP Jonathan Monroy
|
Pitching: RHP John Kerfoot
|
|
Pinch Hitting: RHB Ben Underwood
|
0-0: Foul Ball, location: 2F 0-1: Foul Ball, location: 2F 0-2: Strikes out looking
|
Batting: RHB Jim O'Dwyer
|
0-0: Swinging Strike 0-1: Ball 1-1: Ball 2-1: Foul Ball, location: 2F 2-2: Foul Ball, location: 2F 2-2: Strikes out swinging
|
Batting: LHB Rip Log
|
0-0: Ball 1-0: Called Strike 1-1: Swinging Strike 1-2: SINGLE (Line Drive, 6D, EV 100.0 MPH)
|
Batting: LHB Dave Ortiz
|
0-0: SINGLE (Groundball, 4MD, EV 100.6 MPH) Rip Log to second
|
Pinch Hitting: LHB Luis Ponce
|
0-0: Ball 1-0: Called Strike 1-1: Called Strike 1-2: Ball 2-2: Ball 3-2: Base on Balls Rip Log to third Dave Ortiz to second
|
Pinch Hitting: LHB Victor Reyna
|
0-0: Called Strike 0-1: Ball 1-1: Ball 2-1: Ball 3-1: Base on Balls Rip Log scores Dave Ortiz to third Luis Ponce to second
|
Batting: SHB Bruce Shelton
|
0-0: Called Strike 0-1: Foul Ball, location: 2F 0-2: Ball 1-2: Strikes out swinging
|
Top of the 7th over - 1 run, 2 hits, 0 errors, 3 left on base; Niagara Falls 3 - York 2 |
BOTTOM OF THE 7TH |
York Revolution batting - Pitching for Niagara Falls Phantoms : LHP Gordon Jing
|
Now at SS: Brian Biordi
|
|
Now in LF: Victor Reyna
|
|
Now in CF: Hui Li
|
|
Pinch Hitting: LHB Jason Duda
|
0-0: Foul Ball, location: 2F 0-1: Ball 1-1: Ball 2-1: Foul Ball, location: 2F 2-2: Reached on error, E4 (Groundball, 4, EV 88.8 MPH)
|
Pinch Hitting: RHB Nick Maxwell
|
0-0: Called Strike 0-1: Foul Ball, location: 2F 0-2: Ball 1-2: Foul Ball, location: 2F 1-2: Ball 2-2: Foul Ball, location: 2F 2-2: Foul Ball, location: 2F 2-2: Ball 3-2: Foul Ball, location: 2F 3-2: Fly out, F8 (Line Drive, 78S, EV 91.9 MPH)
|
Pitching: RHP Russ Robinson
|
|
Pinch Hitting: LHB Ryan Young
|
0-0: Ball 1-0: Fly out, F6 (Popup, 56, EV 62.5 MPH)
|
Pinch Hitting: SHB Sam Fredrick
|
0-0: Ball 1-0: Swinging Strike 1-1: Foul Ball, location: 2F 1-2: Ball 2-2: Foul Ball, location: 2F 2-2: Ball 3-2: Ground out 6-3 (Groundball, 6, EV 83.1 MPH)
|
Bottom of the 7th over - 0 runs, 0 hits, 1 error, 1 left on base; Niagara Falls 3 - York 2 |
TOP OF THE 8TH |
Niagara Falls Phantoms batting - Pitching for York Revolution : RHP John Kerfoot
|
Now at 1B: Jason Duda
|
|
Now at 2B: Teh-huai Jiang
|
|
Now at 3B: Nick Maxwell
|
|
Now in CF: Frank Ramirez
|
|
Batting: RHB Jonathan Feldstein
|
0-0: Ball 1-0: Called Strike 1-1: Called Strike 1-2: Strikes out looking
|
Batting: RHB Scott Cuff
|
0-0: Called Strike 0-1: SOLO HOME RUN (Flyball, 7LD, EV 96.9 MPH), Distance : 364 ft
|
Batting: RHB Brian Biordi
|
0-0: Ground out U3 (Groundball, 23, EV 78.8 MPH)
|
Batting: RHB Jim O'Dwyer
|
0-0: Ball 1-0: Ball 2-0: Swinging Strike 2-1: Ball 3-1: Base on Balls
|
Pitching: LHP Dan Luckhardt
|
|
Batting: LHB Rip Log
|
0-0: Foul Ball, location: 2F 0-1: Called Strike 0-2: Foul Ball, location: 2F 0-2: Strikes out swinging
|
Top of the 8th over - 1 run, 1 hit, 0 errors, 1 left on base; Niagara Falls 4 - York 2 |
BOTTOM OF THE 8TH |
York Revolution batting - Pitching for Niagara Falls Phantoms : RHP Russ Robinson
|
Batting: RHB Eddie Serna
|
0-0: Foul Ball, location: 2F 0-1: SINGLE (Groundball, 56, EV 105.6 MPH) (infield hit)
|
Batting: LHB Dennis French
|
0-0: Ball 1-0: Foul Ball, location: 2F 1-1: Foul Ball, location: 2F 1-2: Fly out, F8 (Flyball, 89S, EV 88.8 MPH)
|
Batting: LHB Jean-Claude Vanbiesbrouck
|
0-0: Ball 1-0: Foul Ball, location: 2F 1-1: Ball 2-1: Called Strike 2-2: Ball 3-2: Fielders Choice at 2nd, 4-6 (Groundball, 4, EV 101.9 MPH)
|
Batting: RHB Steve Kirby
|
0-0: Ball 1-0: Called Strike 1-1: Foul Ball, location: 2F 1-2: Strikes out looking
|
Bottom of the 8th over - 0 runs, 1 hit, 0 errors, 1 left on base; Niagara Falls 4 - York 2 |
TOP OF THE 9TH |
Niagara Falls Phantoms batting - Pitching for York Revolution : LHP Dan Luckhardt
|
Batting: LHB Dave Ortiz
|
0-0: Swinging Strike 0-1: Foul Ball, location: 2F 0-2: Strikes out looking
|
Batting: SHB Hui Li
|
0-0: Called Strike 0-1: Ground out U3 (Groundball, 23, EV 87.5 MPH)
|
Batting: LHB Victor Reyna
|
0-0: Ball 1-0: Called Strike 1-1: Ball 2-1: Ground out U3 (Groundball, 3, EV 113.1 MPH)
|
Top of the 9th over - 0 runs, 0 hits, 0 errors, 0 left on base; Niagara Falls 4 - York 2 |
BOTTOM OF THE 9TH |
York Revolution batting - Pitching for Niagara Falls Phantoms : RHP Russ Robinson
|
Pitching: RHP Lucas Uil
|
|
Pinch Hitting: LHB Jessie Whedbee
|
0-0: Ball 1-0: Foul Ball, location: 2F 1-1: Called Strike 1-2: Ball 2-2: Ball 3-2: Foul Ball, location: 2F 3-2: Foul Ball, location: 2F 3-2: Strikes out swinging
|
Batting: LHB Jason Duda
|
0-0: Called Strike 0-1: Ground out 6-3 (Groundball, 6, EV 100.0 MPH)
|
Batting: RHB Nick Maxwell
|
0-0: Ground out 6-3 (Groundball, 6MD, EV 100.0 MPH)
|
Bottom of the 9th over - 0 runs, 0 hits, 0 errors, 0 left on base; Niagara Falls 4 - York 2 |
|